 Dungeon Crawl Stone Soup version 0.29.1-14-g9c671dbff4 (webtiles) character file.

Game seed: 8483228042374094754

84 Thatpatchoflichen the Chiller (level 4, -7/41 HPs)
             Began as an Ogre Ice Elementalist on Feb 12, 2023.
             Killed from afar by an orc wizard (9 damage)
             ... with a magic dart
             ... on level 3 of the Dungeon.
             The game lasted 00:05:03 (2996 turns).

Thatpatchoflichen the Chiller (OgIE)                Turns: 2996, Time: 00:05:03

Health: -7/41      AC:  4    Str: 12    XL:     4   Next: 45%
Magic:  1/9        EV: 10    Int: 18    God:
Gold:   111        SH:  0    Dex:  9    Spells: 3/10 levels left

rFire   . . .      SeeInvis .   g - +0 flail
rCold   . . .      Faith    .   (no shield)
rNeg    + . .      Spirit   .   i - +1 robe of Ahuniz {rElec rN+}
rPois   .          Reflect  .   (helmet restricted)
rElec   +          Harm     .   (no cloak)
rCorr   .          Rampage  .   (gloves unavailable)
Will    .....                   (boots unavailable)
Stlth   +.........              (no amulet)
HPRegen 0.13/turn               (no ring)
MPRegen 0.11/turn               (no ring)

@: no status effects
A: large, unfitting armour, tough skin 1
a: no special abilities


You were on level 3 of the Dungeon.
You visited 1 branch of the dungeon, and saw 3 of its levels.

You collected 111 gold pieces.

Inventory:

Hand Weapons
 c - a +0 mace
 g - a +0 flail (weapon)
Missiles
 a - 12 poisoned darts
 k - 3 boomerangs
 l - 4 javelins
Armour
 i - the +1 robe of Ahuniz (worn) {rElec rN+}
   (You found it on level 2 of the Dungeon)

   rElec:     It insulates you from electricity.
   rN:        It protects you from negative energy.
Scrolls
 d - a scroll of enchant weapon {unknown}
 f - a scroll of blinking {unknown}
 h - a scroll of noise {unknown}
 n - a scroll of enchant armour {unknown}
Potions
 b - a potion of magic
 e - a potion of ambrosia {unknown}
 j - a potion of brilliance {unknown}
 m - a potion of cancellation {unknown}
 o - 2 potions of curing {unknown}


   Skills:
 + Level 1.1 Fighting
 + Level 0.9 Maces & Flails
 + Level 2.6 Dodging
 - Level 1.4 Stealth
 * Level 3.5 Spellcasting
 - Level 4.0 Ice Magic


You had 3 spell levels left.
You knew the following spells:

 Your Spells              Type           Power      Damage    Failure   Level
a - Freeze                Ice            68%        1d8       3%          1
b - Frozen Ramparts       Ice            34%        1d6       9%          3
c - Ozocubu's Armour      Ice            17%        N/A       9%          3

Your spell library contained the following spells:

 Spells                   Type           Power      Damage    Failure   Level
 Sandblast                Erth           6%         2d5       16%         1
 Passwall                 Tmut/Erth      2%         N/A       24%         2
 Stone Arrow              Conj/Erth      6%         3d7       43%         3
 Hailstorm                Conj/Ice       10%        3d5       56%         4


Dungeon Overview and Level Annotations

Branches:
Dungeon (3/15)

Altars:


Innate Abilities, Weirdness & Mutations

You are too large for most types of armour.
You have tough skin. (AC +1)


Message History

You completely miss something.
You feel less confused. Something hits you but does no damage.
Something hits you.
You hit something but do no damage. Something hits you.
You barely miss something. Something hits you.
You miss something. Something hits you but does no damage. Something hits you.
You barely miss something. Something hits you.
You barely miss something.
You hear some strange, mumbled words.
A puff of flame appears from out of thin air!
The puff of flame hits you.
You miss something.
You hear some strange, mumbled words.
A magic dart appears from out of thin air!
The magic dart hits you!
* * * LOW HITPOINT WARNING * * *
Something hits you.
* * * LOW HITPOINT WARNING * * *
Casting: Freeze (safe; 3% risk of failure)
Confirm with . or Enter, or press ? or * to list all spells.
You don't have enough magic to cast this spell.
Aiming: Freeze (safe; 3% risk of failure)
Press: ? - help, Q - select action, (/) - cycle Shift-Dir - straight line You freeze something.
Something hits you but does no damage.
Aiming: Freeze (safe; 3% risk of failure)
Press: ? - help, Q - select action, (/) - cycle Shift-Dir - straight line You freeze something.
Something hits you.
* * * LOW HITPOINT WARNING * * *
You closely miss something. Something hits you but does no damage.
You barely miss something. Something hits you but does no damage.
You barely miss something. Something hits you but does no damage.
Something hits you.
* * * LOW HITPOINT WARNING * * *
You completely miss something.
You hear some strange, mumbled words.
A magic dart appears from out of thin air!
The magic dart hits you!
You die...

..# .# ..##.## #...#
....... #...# .....oo
#...# ##....... #...#
#).....oo #...#
#)#########≈.§####
#{).......≈≈.§≈...
#@'...............
#.'.......≈≈.§≈...
###############≈.≈####
#........# #...#
#........# #...#
#........## ###...####
#......##.###.#...#..#
#.....####...##...##.#
###.### #...##...#..#


There were no monsters in sight!

Vanquished Creatures
  3 adders
  A worm (D:2)
  4 dart slugs (D:1)
  8 orcs (D:3)
  A ball python (D:1)
  3 bats
  2 goblins
  3 hobgoblins
  2 jackals (D:3)
  2 quokkas
  4 frilled lizards
  3 kobolds
  2 rats (D:3)
38 creatures vanquished.

Vanquished Creatures (others)
  A plant (D:1)
1 creature vanquished.

Grand Total: 39 creatures vanquished

Notes
Turn   | Place    | Note
-------+----------+-------------------------------------------
     0 | D:1      | Thatpatchoflichen the Ogre Ice Elementalist began the quest
                  | for the Orb.
     0 | D:1      | Reached XP level 1. HP: 16/16 MP: 3/3
   293 | D:1      | Reached XP level 2. HP: 24/24 MP: 3/5
   598 | D:1      | Found a faded altar of an unknown god.
  1115 | D:2      | Reached XP level 3. HP: 25/31 MP: 5/7
  1653 | D:2      | Identified the +1 robe of Ahuniz {rElec rN+}
  1885 | D:2      | Reached skill level 4 in Ice Magic
  1916 | D:2      | Learned a level 3 spell: Frozen Ramparts
  1920 | D:2      | Learned a level 3 spell: Ozocubu's Armour
  2442 | D:3      | Reached XP level 4. HP: 26/40 MP: 3/9
  2974 | D:3      | Reached skill level 1 in Fighting
  2995 | D:3      | HP: 2/41 [something (2)]
  2996 | D:3      | Killed from afar by an orc wizard

Illustrated notes

Levels and vault maps discovered:
D:1:      eino_arrival_water_star, layout_loops_ring,
          shapermc_ecumenical_altar_mp_urbaneastern
D:2:      layout_basic, minmay_pentomino_o2
D:3:      layout_loops_ring, nemelex_diamond_rough_becter,
          kennysheep_cross_bottleneck, uniq_robin

Skill      XL: |  1  2  3  4 |
---------------+-------------+-----
Dodging        | 2 |  2.6
Spellcasting   | 3 |  3.5
Ice Magic      | 4 |  4.0
Fighting       | 1 |  1.1
Maces & Flails | |  0.9
Stealth        | |  1.4

Action                   |  1- 3 |  4- 6 || total
-------------------------+-------+-------++-------
Melee: Unarmed           |     6 |       ||     6
       Mace              |    28 |       ||    28
       Flail             |    46 |    26 ||    72
       Punch             |     3 |       ||     3
 Cast: Freeze            |    24 |     3 ||    27
       Frozen Ramparts   |     1 |     3 ||     4
       Ozocubu's Armour  |       |     1 ||     1
 Stab: Sleeping          |     1 |       ||     1
Armor: Robe              |    32 |    11 ||    43
Dodge: Dodged            |    62 |    10 ||    72
